 Dungeon Crawl Stone Soup version 0.29-a0-284-gf9362112df (webtiles) character file.

Game seed: 9520338784946269055

290 experimilk the Cudgeller (level 6, -1/50 HPs)
             Began as a Palentonga Fighter on Mar 31, 2022.
             Slain by a mummy (6 damage)
             ... in an ossuary.
             The game lasted 00:12:31 (3165 turns).

experimilk the Cudgeller (Palentonga Fighter)       Turns: 3165, Time: 00:12:32

Health: -1/50      AC: 10    Str: 21    XL:     6   Next: 9%
Magic:  0/6        EV:  3    Int:  9    God:
Gold:   121        SH:  4    Dex:  9    Spells: 5/5 levels left

rFire   . . .      SeeInvis +   t - +4 whip (freeze)
rCold   . . .      Faith    .   c - +0 buckler
rNeg    . . .      Spirit   +   v - +0 plate armour
rPois   .          Reflect  .   (no helmet)
rElec   .          Harm     .   f - +0 cloak
rCorr   .          Rampage  .   (no gloves)
Will    .....                   (no barding)
Stlth   ..........              w - amulet of guardian spirit
HPRegen 0.16/turn               (no ring)
MPRegen 0.10/turn               (no ring)

@: no status effects
A: large, rugged brown scales 3, see invisible, deformed body, roll 1, armoured
tail
a: Rolling Charge


You were in an ossuary.
You visited 1 branch of the dungeon, and saw 4 of its levels.
You also visited: Ossuary.

You collected 121 gold pieces.

Inventory:

Hand Weapons
 a - a +0 flail
 t - a +4 whip of freezing (weapon)
Missiles
 e - 78 stones (quivered)
Armour
 b - a +0 scale mail
 c - a +0 buckler (worn)
 f - a +0 cloak (worn)
 n - a +0 ring mail
 u - a +0 chain mail
 v - a +0 plate armour (worn)
Jewellery
 d - a +6 ring of strength
 r - a ring of fire
 w - an amulet of guardian spirit (around neck)
Scrolls
 g - a scroll of magic mapping
 h - a scroll of immolation {unknown}
 j - a scroll of fog {unknown}
 o - a scroll of vulnerability {unknown}
 y - a scroll of teleportation {unknown}
Potions
 i - a potion of ambrosia
 k - a potion of haste {unknown}
 l - a potion of brilliance {unknown}
 p - 2 potions of flight {unknown}
 q - 3 potions of curing
 s - a potion of attraction {unknown}
 x - a potion of magic {unknown}


   Skills:
 + Level 3.1 Fighting
 * Level 6.2 Maces & Flails
 + Level 2.5 Armour
 + Level 2.5 Shields


You had 5 spell levels left.
You didn't know any spells.
Your spell library contained the following spells:

 Spells                   Type           Power      Damage    Failure   Level
 Sublimation of Blood     Necr           0%         N/A       100%        2
 Petrify                  Tmut/Erth      0%         N/A       100%        4
 Irradiate                Conj/Tmut      0%         3d13      100%        5


Dungeon Overview and Level Annotations

Branches:
Dungeon (4/15)            Ossuary (1/1)
 Temple: D:4-7

Altars:


Innate Abilities, Weirdness & Mutations

You are completely covered in rugged brown scales. (AC +3, +7% HP)
You have supernaturally acute eyesight. (SInv)
Armour fits poorly on your strangely shaped body.
You can roll at nearby foes to attack.
You have a long armoured tail.


Message History

The human zombie hits you.
You feel much better.
The gnoll zombie hits you but does no damage.
The human zombie hits you.
You barely miss the human zombie.
The human zombie is moderately damaged.
You whack the human zombie! You freeze the human zombie.
The human zombie is heavily damaged.
The human zombie hits you.
You whack the human zombie!
The human zombie is heavily damaged.
The human zombie hits you.
You hit the human zombie but do no damage.
The human zombie is heavily damaged.
The gnoll zombie hits you.
You hit the human zombie.
The human zombie is severely damaged.
The human zombie hits you but does no damage.
The mummy hits you! The mummy hits you.
You hit the human zombie.
The human zombie is almost destroyed.
The gnoll zombie hits you.
You whack the human zombie!
The human zombie is almost destroyed.
The human zombie hits you but does no damage.
The gnoll zombie hits you but does no damage.
The mummy hits you! The mummy hits you but does no damage.
You barely miss the human zombie.
The human zombie is almost destroyed.
The human zombie hits you but does no damage.
You hit the human zombie but do no damage.
The human zombie is almost destroyed.
The gnoll zombie hits you.
* * * LOW HITPOINT WARNING * * *
You hit the human zombie.
You destroy the human zombie!
The mummy hits you!
* * * LOW HITPOINT WARNING * * *
The mummy hits you.
You die...

.........
.......
.....
#...#
#(..#
##...##
##.(...##
#.Z.M...#
#..@M...#
#...∩...#
##.....##
##...##
#####


You could see 2 mummies and a gnoll zombie.

Vanquished Creatures
  An elf zombie (Ossuary)
  2 elf skeletons (D:4)
  A human zombie (Ossuary)
  Robin (D:3)
  3 adders
  2 dart slugs
  An orc (D:4)
  5 endoplasms
  4 giant cockroaches
  7 hobgoblins
  3 kobolds
  A quokka (D:4)
  4 ball pythons
  5 bats
  2 frilled lizards
  9 goblins
  A goblin zombie (Ossuary)
  A hobgoblin zombie (Ossuary)
  9 rats
62 creatures vanquished.

Notes
Turn   | Place    | Note
-------+----------+-------------------------------------------
     0 | D:1      | experimilk the Palentonga Fighter began the quest for the
                  | Orb.
     0 | D:1      | Reached XP level 1. HP: 19/19 MP: 1/1
   485 | D:1      | Reached XP level 2. HP: 25/25 MP: 2/2
   615 | D:1      | Reached skill level 3 in Maces & Flails
  1261 | D:2      | Reached XP level 3. HP: 31/31 MP: 3/3
  1622 | D:3      | Reached skill level 4 in Maces & Flails
  2234 | D:3      | Noticed Robin
  2253 | D:3      | Killed Robin
  2254 | D:3      | Reached XP level 4. HP: 12/37 MP: 4/4
  2990 | D:4      | Reached skill level 5 in Maces & Flails
  2990 | D:4      | Reached XP level 5. HP: 32/43 MP: 2/5
  3074 | D:4      | Found a sand-covered staircase.
  3088 | D:4      | Reached skill level 6 in Maces & Flails
  3122 | Ossuary  | Entered an ossuary
  3149 | Ossuary  | Reached XP level 6. HP: 27/50 MP: 6/6
  3165 | Ossuary  | Slain by a mummy

Illustrated notes

Levels and vault maps discovered:
D:1:      dpeg_arrival_stone_temple_mockup, layout_basic, bh_walls_and_bars
D:2:      layout_rooms, minmay_misc_feat_x
D:3:      layout_basic, uniq_robin
D:4:      layout_rooms, nicolae_ossuary_entry_catacombs
Ossuary:  minmay_ossuary_gauntlet

Skill      XL: |  1  2  3  4  5 |
---------------+----------------+-----
Maces & Flails | 3 4 5 6 |  6.2
Fighting       | |  3.1
Armour         | |  2.5
Shields        | |  2.5

Action                   |  1- 3 |  4- 6 || total
-------------------------+-------+-------++-------
Melee: Flail             |   116 |     2 ||   118
       Tailslap          |    12 |     7 ||    19
       Whip              |       |    78 ||    78
Throw: Stone             |    12 |     3 ||    15
 Abil: Rolling Charge    |    31 |     6 ||    37
  Use: Scroll            |     3 |     1 ||     4
       Potion            |     2 |     1 ||     3
Armor: Scale mail        |    17 |       ||    17
       Ring mail         |    34 |       ||    34
       Plate armour      |       |    37 ||    37
Dodge: Dodged            |    38 |     4 ||    42
Block: Buckler           |    22 |     8 ||    30

Table legend: (Time is in decaauts)
 A = Elapsed time spent in this place.
 B = Non-inter-level travel time spent in this place.
 C = Inter-level travel time spent in this place.
 D = Time resting spent in this place.
 E = Time spent auto-exploring this place.
 F = Levels seen in this place.
 G = Mean time per level.
                   A        B        C        D        E       F      G
               +--------+--------+--------+--------+--------+-----+--------+
         Total |   3188 |   3148 |     40 |   1126 |   1056 |   5 |  637.6 |
       Dungeon |   3150 |   3110 |     40 |   1126 |   1056 |   4 |  787.5 |
       Ossuary |     37 |     37 |      0 |      0 |      0 |   1 |   37.0 |
               +--------+--------+--------+--------+--------+-----+--------+

Top non-repeatable levels by time:
     D:3: 1281 daAuts
     D:1: 1037 daAuts
     D:2: 489 daAuts
     D:4: 342 daAuts
 Ossuary: 37 daAuts
